 Dungeon Crawl Stone Soup version 0.32-a0-928-g1cae6b7ea0 (webtiles) character file.

Game seed: 3688658518001929113

31 Abstruse the Covered (level 3, 0/23 HPs)
             Began as a Gargoyle Fighter on Apr 12, 2024.
             Slain by an ufetubus (2 damage)
             ... on level 3 of the Dungeon.
             The game lasted 00:06:54 (1762 turns).

Abstruse the Covered (Gargoyle Fighter)             Turns: 1762, Time: 00:06:54

Health: 0/23       AC: 12    Str: 19    XL:     3   Next: 22%
Magic:  3/3        EV:  6    Int:  8    God:
Gold:   84         SH:  4    Dex: 11    Spells: 2/2 levels left

rFire   . . .        a - +0 long sword
rCold   . . .        c - +0 buckler
rNeg    + . .        m - +0 chain mail
rPois   ∞            (no helmet)
rElec   +            (no cloak)
rCorr   .            (no gloves)
SInv    .            (no boots)
Will    .....        (no amulet) Stlth
                     (no ring)
HPRegen 0.23/turn    (no ring)
MPRegen 0.08/turn

%: no passive effects
@: no status effects
A: sickness immunity, AC +3, negative energy resistance 1, electricity
resistance, torment resistance 1, petrification resistance
a: no special abilities


You were on level 3 of the Dungeon.
You visited 1 branch of the dungeon, and saw 3 of its levels.

You collected 84 gold pieces.

Inventory:

Hand Weapons
 a - a +0 long sword (weapon)
Armour
 b - a +0 scale mail
 c - a +0 buckler (worn)
 m - a +0 chain mail (worn)
Talismans
 h - a dragon-blood talisman
Potions
 d - a potion of might
 e - 2 potions of mutation
 f - a potion of attraction {unknown}
 g - a potion of heal wounds
 i - a potion of brilliance {unknown}
 j - a potion of lignification {unknown}
 l - a potion of berserk rage {unknown}


   Skills:
 + Level 3.5 Fighting
 + Level 2.2 Long Blades
 * Level 4.0 Armour
 * Level 3.4 Shields


You had 2 spell levels left.
You didn't know any spells.
Your spell library was empty.

Dungeon Overview and Level Annotations

Branches:
Dungeon (3/15)

Altars:

Shops:
D:2 :


Innate Abilities, Weirdness & Mutations

You are immune to sickness and miasma.
Your stone body is resilient. (AC +3)
You are immune to poison.
You resist negative energy. (rN+)
You are resistant to electric shocks. (rElec)
You are resistant to unholy torment.
You are immune to petrification.


Message History

The ufetubus hits you but does no damage. x3
You block the ufetubus's attack.
You miss the ufetubus.
The ufetubus is heavily wounded.
The ufetubus hits you.
The ufetubus hits you but does no damage. x2
The ufetubus hits you. The ufetubus slips past you!
The ufetubus barely misses you. x2
The ufetubus hits you but does no damage. x2
You closely miss the ufetubus.
The ufetubus is heavily wounded.
The ufetubus hits you but does no damage.
You block the ufetubus's attack.
The ufetubus hits you but does no damage. x2
You block the ufetubus's attack. The ufetubus hits you.
The ufetubus hits you but does no damage. x2
You closely miss the ufetubus.
The ufetubus is heavily wounded.
The ufetubus barely misses you. The ufetubus hits you.
You block the ufetubus's attack. The ufetubus hits you.
* * * LOW HITPOINT WARNING * * *
The ufetubus hits you.
* * * LOW HITPOINT WARNING * * *
The ufetubus barely misses you. You block the ufetubus's attack.
The ufetubus hits you but does no damage.
As you read the scroll labelled HALILO DUSYNKE, it crumbles to dust.
It is a scroll of identify.
e - 2 potions of mutation The ufetubus hits you but does no damage. x3
The ufetubus barely misses you.
As you read the scroll of identify, it crumbles to dust.
g - a potion of heal wounds The ufetubus hits you.
* * * LOW HITPOINT WARNING * * *
The ufetubus barely misses you.
The ufetubus hits you but does no damage.
The ufetubus barely misses you.
The ufetubus hits you but does no damage. x2
The ufetubus barely misses you. The ufetubus hits you.
You die...

#.### #.#.##
#.... #...
#.. #.# ##.#
#.5# #@## #5#
#.#
####.########
#............
#.##.###.####
#.##.###.##
#.##.##...#
#.##......#


You could see 2 ufetubi.

Vanquished Creatures
  6 ball pythons
  2 endoplasms
  5 goblins
  3 hobgoblins
  5 kobolds
  2 quokkas (D:2)
  A frilled lizard (D:1)
  3 rats
27 creatures vanquished.

Notes
Turn   | Place    | Note
-------+----------+-------------------------------------------
     0 | D:1      | Abstruse the Gargoyle Fighter began the quest for the Orb.
     0 | D:1      | Reached XP level 1. HP: 14/14 MP: 1/1
   138 | D:1      | Reached XP level 2. HP: 9/19 MP: 2/2
   191 | D:1      | You fall into a shaft and drop 1 floor!
   335 | D:2      | Found Nefavyg's Book Shop.
   944 | D:1      | Reached XP level 3. HP: 23/23 MP: 3/3
  1148 | D:1      | Reached skill level 4 in Armour
  1762 | D:3      | Slain by an ufetubus

Illustrated notes

Levels and vault maps discovered:
D:1:      minmay_arrival_checkered_box, layout_basic
D:2:      layout_loops_ring, serial_shops, nicolae_shop_real_fake_doors
D:3:      layout_loops_corners, nicolae_hepliaklqana_hippocampus,
          nicolae_overflow_two_pavilions, minmay_misc_feat_plants, uniq_sigmund

Skill      XL: |  1  2  3 |
---------------+----------+-----
Long Blades    | 2 |  2.2
Armour         | 4 |  4.0
Fighting       | |  3.5
Shields        | |  3.4

Action                     || total
---------------------------++-------
  Melee: Long sword        ||   121
    Use: Scroll            ||     3
 Armour: Scale mail        ||    72
         Chain mail        ||    66
  Dodge: Dodged            ||    56
  Block: Buckler           ||    35

Table legend: (Time is in decaauts)
 A = Elapsed time spent in this place.
 B = Non-inter-level travel time spent in this place.
 C = Inter-level travel time spent in this place.
 D = Time resting spent in this place.
 E = Time spent auto-exploring this place.
 F = Levels seen in this place.
 G = Mean time per level.
                   A        B        C        D        E       F      G
               +--------+--------+--------+--------+--------+-----+--------+
         Total |   1803 |   1803 |      0 |    116 |   1008 |   3 |  601.0 |
       Dungeon |   1803 |   1803 |      0 |    116 |   1008 |   3 |  601.0 |
               +--------+--------+--------+--------+--------+-----+--------+

Top non-repeatable levels by time:
     D:2: 926 daAuts
     D:1: 834 daAuts
     D:3: 43 daAuts
